 Dungeon Crawl Stone Soup version 0.20-a0-772-g73021bd (webtiles) character file.

169 polly the Cudgeler (level 5, 0/40 HPs)
             Began as a Draconian Gladiator on Feb 26, 2017.
             Was an Initiate of Okawaru.
             Slain by a gnoll (6 damage)
             ... on level 5 of the Dungeon.
             The game lasted 00:06:43 (3270 turns).

polly the Cudgeler (Draconian Gladiator)            Turns: 3270, Time: 00:06:45

Health: 0/40       AC:  6    Str: 18    XL:     5   Next: 25%
Magic:  5/5        EV: 18    Int: 15    God:    Okawaru [......]
Gold:   248        SH:  0    Dex: 17    Spells: 4/4 levels left

rFire    . . .     SeeInvis .   a - +0 flail
rCold    . . .     Gourm    .   (armour unavailable)
rNeg     . . .     Faith    .   (no shield)
rPois    .         Spirit   .   b - +0 hat
rElec    .         Reflect  .   t - +0 cloak
rCorr    .         Harm     .   (no gloves)
MR       .....     Rnd*Rage +   (no boots)
Stlth    +++.......             (no amulet)
Regen    0.2/turn               (no ring)
MPRegen  0.1/turn               (no ring)

@: brilliant, agile, drained
A: unfitting armour, berserk 1, frail 1, strong 1, cold-blooded, AC +5
a: Renounce Religion


You were on level 5 of the Dungeon.
You worshipped Okawaru.
Okawaru was noncommittal.
You were hungry.

You visited 1 branch of the dungeon, and saw 5 of its levels.

You collected 248 gold pieces.

Inventory:

Hand Weapons
 a - a +0 flail (weapon)
Missiles
 c - 3 throwing nets (quivered)
Armour
 b - a +0 hat (worn)
 t - a +0 cloak (worn)
Jewellery
 o - an uncursed ring of positive energy {unknown}
Scrolls
 f - a scroll of fog
 g - 3 scrolls of noise
 m - a scroll of recharging {unknown}
 n - a scroll of teleportation
 p - a scroll of amnesia {unknown}
 q - 3 scrolls of identify
 r - a scroll of remove curse {unknown}
 y - a scroll of magic mapping {unknown}
Potions
 e - 2 potions of brilliance
 h - 2 potions of mutation
 i - a potion of might {unknown}
 k - a potion of agility
 s - a potion of resistance {unknown}
 u - a potion of degeneration {unknown}
 v - a potion of heal wounds {unknown}
 x - 2 potions of curing {unknown}
Comestibles
 d - 3 bread rations
 j - a meat ration
 l - 2 fruits
 w - a royal jelly


   Skills:
 + Level 3.1(2.9) Fighting
 + Level 4.8(4.6) Maces & Flails
 + Level 1.8(1.6) Throwing
 + Level 3.3(3.1) Dodging
 + Level 1.1(0.9) Stealth


You had 4 spell levels left.
You didn't know any spells.

Dungeon Overview and Level Annotations

Branches:
Dungeon (5/15)
 Temple: D:4-7

Altars:
Ashenzari
Elyvilon
Okawaru
Ru
Sif Muna
Vehumet
Xom
Yredelemnul
Zin

Annotations:
D:4 MajorBinkx's ghost, novice DsCK
D:5 elan's ghost, novice NaBe


Innate Abilities, Weirdness & Mutations

Your plain brown scales are hard. (AC +5)
You cannot fit into any form of body armour.
You are cold-blooded and may be slowed by cold attacks.
You tend to lose your temper in combat.
You are frail. (-10% HP)
Your muscles are strong. (Str +2)


Message History

* * * LOW HITPOINT WARNING * * *
The bullfrog skeleton barely misses you.
It was a potion of agility.
You feel agile all of a sudden.
The gnoll sergeant hits you but does no damage.
The bullfrog skeleton closely misses you.
The gnoll barely misses you.
It was a potion of mutation.
You feel extremely strange.
You feel frail.
You feel a little pissed off.
You feel stronger. The gnoll sergeant misses you.
The bullfrog skeleton barely misses you.
The gnoll misses you.
Okay, then.
It was a potion of brilliance.
You feel clever all of a sudden.
The bullfrog skeleton barely misses you.
The gnoll sergeant hits you from afar with a spear.
* * * LOW HITPOINT WARNING * * *
The gnoll hits you.
You die...

#.###.#.g# #.# #......g.#
#.. # #(#.# ### .. #
#g#.# ## ##. #.###.#.#
##. #... #.......# ##..
#.... ####..#.## ##...
......######g#...####....
.......Z@gggg.......'....
......######.#...####....
..##. #.##.## ##... ..
#.#### ##.. ## #.# ##.
#.# ## ##.## ####
#...########.##
#.............#


You could see a gnoll sergeant, 4 gnolls and a bullfrog skeleton.

Vanquished Creatures
  A gnoll (D:5)
  5 adders
  2 oozes
  4 worms
  5 dart slugs
  3 leopard geckos (D:1)
  7 orcs
  A ball python (D:2)
  3 giant cockroaches
  6 goblins
  3 hobgoblins
  9 jackals
  2 quokkas
  6 bats
  3 frilled lizards
  9 kobolds
  A leopard gecko skeleton (D:4)
  5 rats
75 creatures vanquished.

Notes
Turn   | Place    | Note
-------+----------+-------------------------------------------
     0 | D:1      | polly the Draconian Gladiator began the quest for the Orb.
     0 | D:1      | Reached XP level 1. HP: 17/17 MP: 1/1
   516 | D:1      | Reached XP level 2. HP: 23/24 MP: 2/2
  1184 | D:2      | Reached XP level 3. HP: 27/29 MP: 3/3
  1573 | D:2      | Reached skill level 4 in Maces & Flails
  1668 | D:2      | Reached XP level 4. HP: 36/37 MP: 4/4
  2439 | D:3      | Reached skill level 1 in Stealth
  2536 | D:3      | Reached XP level 5. HP: 45/45 MP: 5/5
  2586 | D:4      | Noticed MajorBinkx's ghost (novice DsCK)
  2776 | D:4      | Noticed an ogre
  2796 | D:5      | Entered Level 5 of the Dungeon
  2821 | D:5      | Found a sacrificial altar of Ru.
  3035 | D:5      | Found a shimmering altar of Xom.
  3138 | D:5      | Found a deep blue altar of Sif Muna.
  3150 | D:5      | Found a radiant altar of Vehumet.
  3150 | D:5      | Found a basalt altar of Yredelemnul.
  3153 | D:5      | Found a shattered altar of Ashenzari.
  3154 | D:5      | Found an iron altar of Okawaru.
  3156 | D:5      | Found a white marble altar of Elyvilon.
  3174 | D:5      | Found a glowing silver altar of Zin.
  3197 | D:5      | Became a worshipper of Warmaster Okawaru
  3203 | D:5      | Noticed elan's ghost (novice NaBe)
  3222 | D:5      | Noticed a phantom
  3269 | D:5      | Gained mutation: You are frail. (-10% HP) [potion of mutation]
  3269 | D:5      | Gained mutation: You tend to lose your temper in combat. [potion of mutation]
  3269 | D:5      | Gained mutation: Your muscles are strong. (Str +2) [potion of mutation]
  3270 | D:5      | Slain by a gnoll

Vault maps used:
D:1:      sevenhm_arrival_forest_fort_small_6, kennysheep_boxes
D:2:      first_bread, hangedman_abyss_or_decor_lesser_grid
D:3:      grunt_ministairs_10
D:4:      lemuel_temple_firewalk_b
D:5:      marbit_many_paths, minitemple, nicolae_ru_sacrificial_ziggurat

Skill      XL: |  1  2  3  4 |
---------------+-------------+-----
Dodging        | 3 |  3.3
Maces & Flails | 4 |  4.8
Fighting       | 3 |  3.1
Stealth        | 1 |  1.1
Throwing       | |  1.8

Action                   |  1- 3 |  4- 6 || total
-------------------------+-------+-------++-------
Melee: Flail             |   111 |   155 ||   266
       Tailslap          |    11 |    18 ||    29
  Use: Potion            |       |     4 ||     4
       Scroll            |       |     3 ||     3
 Stab: Sleeping          |     2 |       ||     2
  Eat: Chunk             |     3 |     4 ||     7
Armor: Skin              |    41 |    73 ||   114
Dodge: Dodged            |    84 |   161 ||   245
